← All builds
Beach sea / Cortex / Economy first / OBSERVED BUILD

Standard beach sea

The role's usual play: com goes to sea to build a shipyard around 2 minutes, pumping frigates and destroyers to contest enemy sea entry or hold vision, with an advanced metal extractor around 10 minutes as the transition into the team's…

Usually shipyard first (94%)

#naval #eco · 796 distinct matches · 106 players · 84% of Cortex Beach sea games · team won 55% of 859 · Recently observed

HOW TO PLAY IT

Key timing: Shipyard by 1:57

  1. Open 3 mex and wind while com heads straight to sea.
  2. Drop Shipyard fast, before 2:00, to seize early sea presence.
  3. Push "frigate" out to contest enemy sea entry or hold vision.
  4. Add "destroyer" as the fleet grows.
  5. Transition into Advanced Metal Extractor to catch up on eco.

Phase by phase

TYPICAL OF ITS 796 GAMES
  1. 1
  2. 2
  3. 3
PLAY THE OPENING

Follow the example game's first 6:00 step by step: what to build now, what comes next, and where it goes. At 1× it keeps pace with your own game.

  1. 1

    Up to the Shipyard

    Economy
    • Metal Extractor3Mex
    • Wind Turbine3Windfor allies
    • Wind Turbine2Wind
    • Energy Storage1Energy storage
    Order
    1. ShipyardShipyard after 3 mex, 2 wind, 1 energy storagedone ~1:57, middle half 1:45–2:08

    By 1:41 in all: 3 mex · 2 wind · 1 energy storage

    The example game in this phase · 4 steps
    1. Mex ×3
    2. Wind ×2for Air
    3. Tidal ×2
    4. ShipyardShipyarddone 1:38 · typical 1:57
  2. 2

    Shipyard to 5:00

    Economy
    • Metal Extractor5Mex
    • Tidal Generator2Tidal
    Builders
    • Construction Ship2 Con ship
    Army
    • Riptide2 Frigate
    • Herring1 Missile corvette
    • Oppressor1 Destroyer
    Other
    • Naval Radar / Sonar Tower1 Naval Radar / Sonar Tower

    Some games also: Urchin (43%) · wind (40%) · submarine (39%) · gunboat (36%) · con turret (36%)

    By 5:00 in all: 8 mex · 3 wind · 2 tidal · 1 energy storage

    The example game in this phase · 19 steps
    1. Construction ShipCon ship ×2
    2. Converter
    3. Mex
    4. OppressorDestroyernot finished by 15:00 · typical 5:10
    5. HerringMissile corvette
    6. Converter
    7. Tidal
    8. Mex
    9. OppressorDestroyer
    10. Tidal ×2
    11. Mex
    12. Naval Radar / Sonar TowerNaval Radar / Sonar Tower
    13. SupporterGunboat
    14. Converter
    15. Mex
    16. SupporterGunboat ×3
    17. RiptideFrigate ×2done 4:16 · typical 3:52
    18. Death CavalryDeath Cavalry
    19. Wind
  3. 3

    5:00 to 10:00

    Economy
    • Metal Extractor1Mex
    • Wind Turbine10Wind
    Builders
    • Death Cavalry1 Death Cavalry
    • Construction Ship1 Con ship
    Army
    • Urchin1 Urchin
    • Riptide5 Frigate
    • Oppressor2 Destroyer
    • Herring2 Missile corvette
    Other
    • Naval Radar / Sonar Tower1 Naval Radar / Sonar Tower

    Some games also: Naval Construction Turret (48%) · Guard (47%) · Radar Tower (41%) · tidal (38%) · con turret (35%)

    By 10:00 in all: 9 mex · 12 wind · 4 wind · 4 tidal · 1 energy storage · 1 Naval Construction Turret

    The example game in this phase · 102 steps
    1. Wind
    2. OppressorDestroyer
    3. Wind
    4. Naval Radar / Sonar TowerNaval Radar / Sonar Tower ×2
    5. Wind
    6. RiptideFrigate
    7. Wind
    8. RiptideFrigate
    9. Wind
    10. HerringMissile corvette
    11. Con turret
    12. Naval Radar / Sonar TowerNaval Radar / Sonar Tower
    13. OrcaSubmarine ×2done 7:14
    14. Naval Metal Storage
    15. UrchinUrchin
    16. Wind
    17. Naval Construction Turret
    18. OrcaSubmarine
    19. Wind
    20. UrchinUrchin
    21. Wind
    22. Advanced Metal ExtractorT2 mexdone 9:30 · typical 9:57
    23. Wind
    24. Tidal
    25. Mex
    26. OppressorDestroyer
    27. Wind
    28. Naval Radar / Sonar TowerNaval Radar / Sonar Tower
    29. Tidal
    30. Wind
    31. Tidal
    32. Wind
    33. Advanced Metal ExtractorT2 mex
    34. Wind
    35. Tidal
    36. OrcaSubmarine
    37. Wind
    38. OppressorDestroyer
    39. Tidal
    40. Wind
    41. Tidal
    42. Wind
    43. Death CavalryDeath Cavalry
    44. Advanced Metal ExtractorT2 mex
    45. Tidal
    46. UrchinUrchin
    47. Wind ×2
    48. HerringMissile corvette
    49. RiptideFrigate
    50. Wind
    51. RiptideFrigate
    52. Wind
    53. RiptideFrigate
    54. Wind
    55. Naval Radar / Sonar TowerNaval Radar / Sonar Tower
    56. Wind
    57. RiptideFrigate
    58. Wind
    59. RiptideFrigate
    60. Wind
    61. Advanced Metal ExtractorT2 mex
    62. Wind
    63. Mex
    64. OrcaSubmarine
    65. Wind ×2
    66. Naval Construction Turret
    67. Wind ×2
    68. Naval Construction Turret
    69. OrcaSubmarine
    70. Wind
    71. Naval Construction Turret ×2
    72. Wind
    73. OrcaSubmarine
    74. Naval Radar / Sonar TowerNaval Radar / Sonar Tower
    75. Naval Energy Storage
    76. HerringMissile corvette
    77. Death CavalryDeath Cavalry
    78. Wind
    79. OppressorDestroyer
    80. SlingshotSlingshot
    81. Tidal
    82. HerringMissile corvette ×2
    83. Tidal
    84. HerringMissile corvette
    85. Tidal
    86. OppressorDestroyer
    87. Wind
    88. Tidal
    89. Naval Radar / Sonar TowerNaval Radar / Sonar Tower
    90. Tidal
    91. Death CavalryDeath Cavalry
    92. Tidal
    93. Death CavalryDeath Cavalry
    94. Advanced ShipyardAdvanced Shipyarddone 14:11
    95. Con turret
    96. Mex
    97. Advanced Construction SubAdvanced Construction Sub
    98. Naval Radar / Sonar TowerNaval Radar / Sonar Tower
    99. PathfinderPathfinder
    100. Mex
    101. PathfinderPathfinder ×3
    102. Con turret

Counts are medians over the build's games: half of them build more, half fewer. The example game is EpicTyrannus's (44 OS, 26/09/2026); pick another.

Team trades

IN AT LEAST 30% OF ITS GAMES

You hand over

  • Wind Turbine3 Wind to Airfirst at 1:52 · in 78% of games

You get

  • Finch1 Finch from Airfirst at 1:58 · in 82% of games
  • Lazarus1 Lazarus from Geofirst at 2:14 · in 62% of games
  • Hephaestus1 Heavy transport from Airfirst at 2:16 · in 68% of games
  • Construction Bot1 Con bot from Geofirst at 2:27 · in 69% of games
  • Hercules1 Light transport from Airfirst at 2:33 · in 32% of games
  • Advanced Construction Bot1 T2 con bot from Techfirst at 8:09 · in 88% of games

How it plays out

Typical game of this build, running totals by minute

Metal produced

010k20k30k
0:005:0010:0015:00

metal

Enemy metal destroyed

05k10k
0:005:0010:0015:00

metal

Own metal lost

02.5k5k7.5k
0:005:0010:0015:00

metal

859 games.

Show as table
ByMetal produced: This buildEnemy metal destroyed: This buildOwn metal lost: This build
1:0040300
2:0093700
3:00156700
4:0025252150
5:003701197100
6:005034535251
7:0064811091590
8:00807618251040
9:00968328531610
10:001159139952340
11:001381852133090
12:001636061593830
13:001915472004615
14:002195583275730
15:002495293256631
WHAT THE NUMBERS SAY

Standard Beach sea wins more than Geo sea's 50% and gets its Shipyard up faster, using early sea access before falling behind on land resources.

  • + Shipyard finishes by 1:57, faster than Geo sea's 3:18
  • + 54% team win rate beats the Cortex geo sea baseline
  • − Metal produced trails Geo sea's Cortex build, 24356 vs 28451 by 15:00
  • − T2 factory only lands in 35% of games by 12:42
THE EXAMPLE YOU ARE READING

EpicTyrannus

44.2 OS · 26/09/2026

Open source match ↗

5 received units · includes a constructor
127 metal received · 21219 energy received

Allied construction assistance is unknown. Timings are observations, not a promise of solo reproducibility.

Typical milestones

Shipyard1:57Middle 50%: 1:45–2:08 · n=857
Riptide3:52Middle 50%: 3:16–4:33 · n=845
Oppressor5:10Middle 50%: 4:13–6:08 · n=830
Advanced Metal Extractor9:57Middle 50%: 9:16–10:53 · n=730

Played most by

EpicTyrannus82games of this buildDamsko66games of this buildWaboum64games of this buildPRO_HYDRA58games of this buildMrCoolPotato51games of this build